 Dungeon Crawl Stone Soup version 0.19.4-8-ga85b6b9 (webtiles) character file.

5617 vatarom the Protected (level 10, -3/75 HPs)
             Began as a Troll Chaos Knight on Feb 13, 2017.
             Killed from afar by a wretched star (24 damage)
             ... with an orb of energy
             ... on level 2 of the Abyss.
             The game lasted 00:16:03 (6581 turns).

vatarom the Protected (Troll Chaos Knight)          Turns: 6581, Time: 00:16:04

Health: -3/75      AC: 13    Str: 25 (26) XL:     10   Next: 45%
Magic:  0/9        EV: 11    Int:  9 (10) God:    Xom [......]
Gold:   2385       SH:  0    Dex:  8      Spells: 0 memorised, 9 levels left

rFire  . . .     SeeInvis +       - Unarmed
rCold  + + +     Gourm    +     m - +0 troll leather armour
rNeg   . . .     Faith    .     (no shield)
rPois  .         Spirit   .     n - +1 hat
rElec  .         Reflect  .     (no cloak)
rCorr  .         Harm     .     (gloves unavailable)
MR     .....     Clarity  +     (boots unavailable)
Stlth  +.........               (no amulet)
                                q - ring of see invisible
                                v - ring of Kudye {Wiz rC+}

@: about to teleport, contaminated, glowing, drained
A: unfitting armour, beak, claws 3, horns 1, talons 2, iridescent scales 1,
molten scales 1, slimy green scales 1, camouflage 1, clarity, clever 1, clumsy
2, cold resistance 2, deformed body, deterioration 2, fast metabolism 3, frail
2, gourmand, regeneration 2, shaggy fur 1, strong 2, tough skin 2, no device
heal 2
a: Renounce Religion


You were on level 2 of the Abyss.
You worshipped Xom.
You were a very special plaything of Xom.
You were very full.

You visited 2 branches of the dungeon, and saw 10 of its levels.
You visited the Abyss 1 time.

You collected 2385 gold pieces.

Inventory:

Hand Weapons
 t - a +0 hand axe
Missiles
 o - 6 needles of confusion
 s - 5 tomahawks (quivered)
Armour
 m - a +0 troll leather armour (worn)
 n - a +1 hat (worn)
Jewellery
 f - a +2 ring of intelligence
 q - a ring of see invisible (right claw)
 v - the ring of Kudye (left claw) {Wiz rC+}
   (You took it off an orc priest on level 7 of the Dungeon)

   [ring of wizardry]

   It improves your spell success rate.
   It protects you from cold.
Wands
 l - a wand of random effects (30/48)
 r - a wand of polymorph (13/24)
 y - a wand of slowing (23/48)
 A - a wand of confusion (22/48)
 B - a wand of confusion (21/48)
Scrolls
 e - 2 scrolls of teleportation
 h - 2 scrolls of identify
 k - 4 scrolls of remove curse
 x - a scroll of summoning
Potions
 p - 2 potions of curing
 w - a potion of cancellation
Books
 z - a book of Flames

   Spells                             Type                      Level
   a - Flame Tongue                   Conjuration/Fire             1
   b - Throw Flame                    Conjuration/Fire             2
   c - Conjure Flame                  Conjuration/Fire             3
   d - Inner Flame                    Hexes/Fire                   3
   e - Sticky Flame                   Conjuration/Fire             4
   f - Fireball                       Conjuration/Fire             5
Comestibles
 b - 6 bread rations
 c - 4 fruits
 d - 2 beef jerkies
 g - 8 meat rations
 i - 3 royal jellies
 j - 3 slices of pizza


   Skills:
 + Level 4.4(4.1) Fighting
 - Level 5.6(5.3) Throwing
 * Level 8.7(8.4) Armour
 - Level 4.9(4.6) Dodging
 - Level 7.3(7.0) Unarmed Combat
 - Level 1.0(0.8) Evocations


You had 9 spell levels left.
You didn't know any spells.

Dungeon Overview and Level Annotations

Branches:
Dungeon (9/15)             Temple (1/1) D:4             Orc (0/2) D:9
   Lair: D:8-11

Altars:
Ashenzari
Cheibriados
Dithmenos
Elyvilon
Fedhas
Gozag
Hepliaklqana
Kikubaaqudgha
Makhleb
Nemelex Xobeh
Okawaru
Qazlal
Ru
Sif Muna
Trog
Uskayaw
Vehumet
Xom
Yredelemnul
Zin
The Shining One

Shops:
D:6 !

Annotations:
D:9 Psyche


Innate Abilities, Weirdness & Mutations

You are too large for most types of armour.
You have claws for hands.
Your metabolism is lightning-fast.
You like to eat raw meat.
You heal very quickly.
You are covered in fur. (AC +1)
You have very tough skin. (AC +2)
You have a beak for a mouth.
You have a pair of small horns on your head.
You have razor-sharp toenails.
You are partially covered in iridescent scales. (AC +2)
You are partially covered in molten scales. (AC +2)
You are partially covered in slimy green scales. (AC +2)
Your skin changes colour to match your surroundings (Stealth+).
You possess an exceptional clarity of mind.
Your mind is acute. (Int +2)
Your flesh is very cold resistant. (rC++)
Your muscles are very strong. (Str +4)
[You are very clumsy. (Dex -4)]
[Armour fits poorly on your strangely shaped body.]
[Your body often deteriorates upon taking damage.]
[You are very frail. (-20% HP)]
[Potions and wands are poor at restoring your health.]


Message History

You feel your power leaking away.
The apocalypse crab claws you but does no damage.
The wretched star pulses with an eldritch light!
Your body twists and deforms.
You can move again.
Unknown command.
As you read the scroll of teleportation, it crumbles to dust.
You feel strangely unstable.
You feel the power of the Abyss delaying your translocation!
The apocalypse crab bites you.
You are engulfed in flames!
* * * LOW HITPOINT WARNING * * *
The apocalypse crab claws you but does no damage.
Unknown command.
You disentangle yourself.
The apocalypse crab bites you but does no damage.
The apocalypse crab claws you but does no damage.
The wretched star glows turbulently.
The orb of energy hits you!
You die...
Xom roars with laughter!

....( ..≈.... . #.
## #......≈.......
..# .. #.........
.#. #.# .. #
..........#. . #.##.
#...§..........
#.##...
#..§..........
.......######.##
###.#.
#....#......#.#..
.#. #....@.*.......#
. .
...#...#^t...#...#
#................ .
#..###.#######..####
.# #. ..# #. ..# #.
# ..


You could see a wretched star and an apocalypse crab.

Vanquished Creatures
  Joseph (D:8)
  A hippogriff (D:7)
  Sigmund (D:3)
  4 yaks (D:8)
  A ynoxinul (Abyss:2)
  Grum (D:8)
  A chaos spawn (Abyss:2)
  A steam dragon (D:9)
  A hungry ghost (D:9)
  2 sky beasts (D:7)
  2 orc warriors
  2 phantoms
  An ice beast (D:9)
  A necrophage (D:7)
  A black bear (D:8)
  3 ogres
  3 wolves (D:8)
  3 centaurs
  3 bullfrogs
  A gnoll sergeant (D:6)
  4 killer bees
  8 wights
  A centaur zombie (D:5)
  A crimson imp (D:9)
  8 orc priests
  5 hounds
  A gnoll shaman (D:8)
  A centaur skeleton (D:6)
  A jelly (D:7)
  2 orc wizards
  2 bullfrog skeletons
  3 iguanas
  6 worker ants
  A hell rat (D:9)
  A hound zombie (D:5)
  A hound skeleton (D:5)
  A howler monkey zombie (D:8)
  A worker ant zombie (D:6)
  A howler monkey skeleton (D:6)
  14 adders
  17 gnolls
  A white imp (Abyss:2)
  An adder skeleton (D:8)
  An adder zombie (D:8)
  2 worms
  A dart slug (D:1)
  7 leopard geckos
  27 orcs
  3 ball pythons
  6 giant cockroaches
  7 goblins
  8 hobgoblins
  14 jackals
  10 kobolds
  5 quokkas
  4 bats
  3 frilled lizards
  A jackal skeleton (D:4)
  2 leopard gecko skeletons
  A quokka skeleton (D:8)
  4 rats
222 creatures vanquished.

Vanquished Creatures (collateral kills)
  A bullfrog (D:7)
1 creature vanquished.

Vanquished Creatures (others)
  A centaur (D:6)
  2 killer bees (D:8)
3 creatures vanquished.

Grand Total: 226 creatures vanquished

Notes
Turn   | Place    | Note
-------+----------+-------------------------------------------
     0 | D:1      | vatarom the Troll Chaos Knight began the quest for the Orb.
     0 | D:1      | Reached XP level 1. HP: 22/22 MP: 0/0
   209 | D:1      | XOM: divination: detect creatures
   257 | D:1      | Reached XP level 2. HP: 26/29 MP: 1/1
   407 | D:1      | XOM: harmless Fire miscast
   532 | D:1      | XOM: give mutations
   532 | D:1      | Gained mutation: You possess an exceptional clarity of mind. [Xom's grace]
   532 | D:1      | Gained mutation: Your muscles are strong. (Str +2) [Xom's grace]
   532 | D:1      | Gained mutation: You are partially covered in slimy green scales. (AC +2) [Xom's grace]
   532 | D:1      | Gained mutation: Your skin changes colour to match your surroundings (Stealth+). [Xom's grace]
   583 | D:1      | XOM: mild Chrm miscast
   699 | D:2      | Reached XP level 3. HP: 33/36 MP: 2/2
  1315 | D:3      | Reached XP level 4. HP: 37/44 MP: 3/3
  1415 | D:3      | Noticed Sigmund
  1424 | D:3      | XOM: cleaving
  1427 | D:3      | Killed Sigmund
  1427 | D:3      | Reached skill level 5 in Unarmed Combat
  1427 | D:3      | Reached XP level 5. HP: 44/50 MP: 4/4
  1720 | D:3      | Reached XP level 6. HP: 59/59 MP: 5/5
  1845 | D:3      | XOM: harmless Necr miscast
  1875 | D:3      | XOM: harmless Divn miscast
  2001 | D:3      | XOM is BORED!
  2001 | D:3      | XOM: noise
  2283 | D:4      | Found a staircase to the Ecumenical Temple.
  2307 | Temple   | Entered the Ecumenical Temple
  2568 | D:4      | XOM: 1-stop teleportation journey
  2594 | D:4      | XOM: scenery: create altars
  2604 | D:4      | XOM: god gift: yellow potion {god gift}
  2707 | D:4      | Reached XP level 7. HP: 66/66 MP: 6/6
  2767 | D:4      | XOM: enchant monster (good)
  2976 | D:4      | XOM: god gift: scroll labeled VIFINA BEAHY {god gift}
  2985 | D:4      | XOM: give mutations
  2985 | D:4      | Gained mutation: You are partially covered in molten scales. (AC +2) [Xom's grace]
  2985 | D:4      | Gained mutation: You have sharp toenails. [Xom's grace]
  2985 | D:4      | Gained mutation: You have a beak for a mouth. [Xom's grace]
  2985 | D:4      | Gained mutation: You are partially covered in iridescent scales. (AC +2) [Xom's grace]
  3051 | D:5      | Entered Level 5 of the Dungeon
  3101 | D:5      | Reached skill level 1 in Armour
  3133 | D:5      | XOM: god gift: 1960 gold pieces
  3308 | D:5      | XOM: give mutations
  3308 | D:5      | Gained mutation: You have razor-sharp toenails. [Xom's grace]
  3308 | D:5      | Gained mutation: Your flesh is cold resistant. (rC+) [Xom's grace]
  3308 | D:5      | Gained mutation: Your mind is acute. (Int +2) [Xom's grace]
  3437 | D:5      | XOM: 1-stop teleportation journey
  3586 | D:6      | XOM: scenery: create altars
  3590 | D:6      | Reached skill level 2 in Armour
  3590 | D:6      | XOM: confuse monster(s)
  3635 | D:6      | XOM: divine lightning
  3737 | D:6      | Reached XP level 8. HP: 68/74 MP: 7/7
  3740 | D:6      | Reached skill level 3 in Armour
  3759 | D:6      | XOM: scenery: create altars
  3872 | D:6      | XOM: scenery: 1 doors open
  4001 | D:6      | XOM: 7-stop teleportation journey
  4057 | D:6      | Found Ecoaraim's Distillery.
  4323 | D:6      | XOM: give mutations
  4323 | D:6      | Gained mutation: Your flesh is very cold resistant. (rC++) [Xom's grace]
  4323 | D:6      | Gained mutation: Your muscles are very strong. (Str +4) [Xom's grace]
  4323 | D:6      | Gained mutation: You have a pair of small horns on your head. [Xom's grace]
  4323 | D:6      | Gained mutation: You heal very quickly. [Xom's grace]
  4418 | D:7      | Reached skill level 1 in Evocations
  4595 | D:7      | XOM: god gift: 4 needles of confusion
  4604 | D:7      | Reached skill level 1 in Throwing
  4604 | D:7      | Reached skill level 4 in Armour
  4633 | D:7      | XOM: summons friendly shadow imp
  4732 | D:7      | XOM: polymorph shadow imp -> quasit
  4734 | D:7      | Reached skill level 5 in Armour
  4751 | D:7      | Reached XP level 9. HP: 72/80 MP: 8/8
  4753 | D:7      | Got a faintly glowing golden ring
  4877 | D:7      | XOM: god gift: 10 gold pieces
  5022 | D:7      | Noticed a yaktaur
  5022 | D:7      | Noticed a glowing orange brain
  5022 | D:7      | Noticed an ogre mage
  5023 | D:7      | Noticed a red ugly thing
  5023 | D:7      | Noticed a hill giant
  5023 | D:7      | Noticed a hill giant
  5023 | D:7      | Noticed a wizard
  5024 | D:7      | XOM: divine lightning (protected)
  5024 | D:7      | Noticed a jumping spider
  5024 | D:7      | a yaktaur changed into a jumping spider
  5026 | D:7      | Noticed a queen bee
  5026 | D:7      | a jumping spider changed into a queen bee
  5033 | D:7      | XOM: scenery: 1 doors open
  5096 | D:8      | XOM: 1-stop teleportation journey
  5108 | D:8      | Reached skill level 6 in Armour
  5206 | D:8      | Noticed Grum
  5211 | D:8      | Reached skill level 5 in Throwing
  5215 | D:8      | Killed Grum
  5338 | D:8      | XOM: god gift: glowing shield {god gift}
  5369 | D:8      | Identified the ring of Kudye {Wiz rC+} (You took it off an orc priest on level 7 of the Dungeon)
  5370 | D:8      | Noticed Joseph
  5397 | D:8      | Killed Joseph
  5397 | D:8      | Reached skill level 7 in Armour
  5482 | D:8      | XOM: divine lightning (protected)
  5599 | D:8      | XOM: god gift: dazzling leather armour {god gift}
  5600 | D:8      | Got a dazzling leather armour {god gift}
  5603 | D:8      | Identified the cursed +1 leather armour of You Go First {rC++ Str-4 Dex+2 SInv} (Xom gifted it to you on level 8 of the Dungeon)
  5723 | D:8      | XOM: enchant monster (good)
  5733 | D:8      | Reached XP level 10. HP: 91/91 MP: 9/9
  5806 | D:8      | XOM: fog
  5811 | D:8      | XOM: mild Air miscast
  5837 | D:8      | XOM: 1-stop teleportation journey
  6161 | D:9      | Reached skill level 8 in Armour
  6269 | D:9      | Found a staircase to the Orcish Mines.
  6275 | D:9      | XOM: blink monster(s)
  6286 | D:9      | XOM: blink monster(s)
  6295 | D:9      | XOM: polymorph orc -> hell rat
  6486 | D:9      | Noticed Psyche
  6491 | D:9      | XOM: medium Divn miscast
  6494 | D:9      | Cast into level 2 of the Abyss (Psyche)
  6501 | Abyss:2  | XOM: summons 5 hostile demons
  6502 | Abyss:2  | Noticed a soul eater
  6522 | Abyss:2  | Noticed a tentacled starspawn
  6555 | Abyss:2  | Noticed a wretched star
  6560 | Abyss:2  | XOM: stat loss: -1 Str (25/26)
  6564 | Abyss:2  | XOM: severe Chrm miscast
  6567 | Abyss:2  | Noticed an apocalypse crab
  6574 | Abyss:2  | Paralysed by you for 5 turns
  6581 | Abyss:2  | Killed from afar by a wretched star

Skill      XL: |  1  2  3  4  5  6  7  8  9 10 |
---------------+-------------------------------+-----
Dodging        | 2 3 4 |  4.9
Unarmed Combat | 4 5 6 7 |  7.3
Armour         | 2 5 7 8 |  8.7
Evocations     | 1 |  1.0
Throwing       | 3 5 |  5.6
Fighting       | 3 4 |  4.4

Action                   |  1- 3 |  4- 6 |  7- 9 | 10-12 || total
-------------------------+-------+-------+-------+-------++-------
Melee: Unarmed           |    94 |   103 |   358 |   125 ||   680
       Punch             |       |     2 |    11 |     2 ||    15
       Kick              |       |       |    81 |    36 ||   117
       Peck              |       |       |    50 |    32 ||    82
       Headbutt          |       |       |    35 |    29 ||    64
Throw: Tomahawk          |       |       |     1 |       ||     1
  Use: Scroll            |     6 |       |     6 |     3 ||    15
       Potion            |     2 |     1 |     5 |       ||     8
 Stab: Sleeping          |     2 |     3 |     5 |     1 ||    11
       Distracted        |       |       |     1 |       ||     1
  Eat: Chunk             |    17 |    12 |    29 |    15 ||    73
Armor: Robe              |    37 |    36 |     2 |       ||    75
       Troll leather arm |       |       |   145 |    65 ||   210
Dodge: Dodged            |    45 |    64 |   168 |    84 ||   361
